 Dungeon Crawl Stone Soup version 0.17-a0-1508-ge7f3dc3 (webtiles) character file.

62 Chiseanne the Grasshopper (level 3, -3/29 HPs)
             Began as a Demonspawn Warper on July 10, 2015.
             Slain by a black bear (4 damage)
             ... on level 3 of the Dungeon.
             The game lasted 00:03:07 (1841 turns).

Chiseanne the Grasshopper (Demonspawn Warper)       Turns: 1841, Time: 00:03:07

Health: -3/29      AC:  6    Str: 12    XL:     3   Next: 85%
Magic:  6/6        EV: 11    Int: 14    God:
Gold:   90         SH:  0    Dex: 12    Spells: 1 memorised, 5 levels left

rFire  . . .     SeeInvis .     a - +0 hand axe
rCold  . . .     Clarity  .     h - +0 ring mail
rNeg   . . .     SustAt   .     (no shield)
rPois  .         Gourm    .     (no helmet)
rElec  .         Spirit   .     (no cloak)
rCorr  .         Warding  .     i - +0 pair of gloves
rMut   .         Rnd*Tele +     (no boots)
MR     .....                    (no amulet)
Stlth  +.........               (no ring)
                                l - ring of teleportation (curse)

@: not resistant to hostile enchantments, very unstealthy
A: claws 2
a: Evoke Teleportation


You were on level 3 of the Dungeon.
You were not hungry.

You visited 1 branch of the dungeon, and saw 3 of its levels.

You collected 90 gold pieces.

Inventory:

Hand weapons
 a - a +0 hand axe (weapon)
Missiles
 k - 10 arrows
Armour
 h - a +0 ring mail (worn)
 i - a +0 pair of gloves (worn)
Jewellery
 l - a cursed ring of teleportation (left hand)
Scrolls
 d - 2 scrolls of blinking
Potions
 b - a potion of flight {unknown}
 g - a potion of heal wounds {unknown}
 j - a potion of curing {unknown}
 n - a potion of resistance {unknown}
Books
 c - a book of Spatial Translocations

   Spells                             Type                      Level
   a - Apportation                    Translocation                1
   b - Blink                          Translocation                2
   c - Shroud of Golubria             Charms/Translocation         2
   d - Portal Projectile              Translocation                3
   e - Teleport Other                 Translocation                3
   f - Passage of Golubria            Translocation                4
Comestibles
 f - a bread ration
 m - 2 chunks of flesh


   Skills:
 * Level 3.0 Fighting
 - Level 1.7 Axes
 - Level 0.8 Throwing
 * Level 1.1 Armour
 + Level 2.5 Dodging
 + Level 2.2 Spellcasting
 + Level 3.0 Translocations


You had 5 spell levels left.
You knew the following spells:

 Your Spells              Type           Power        Failure   Level  Hunger
a - Apportation           Tloc           ##........   17%         1    #......


Dungeon Overview and Level Annotations

Branches:
Dungeon (3/15)

Altars:


Innate Abilities, Weirdness & Mutations

You have very sharp fingernails.


Message History

The black bear bites you but does no damage.
The black bear claws you.
The black bear claws you but does no damage.
You hit the black bear.
The black bear is severely wounded.
The black bear goes berserk!
You closely miss the black bear.
The black bear is severely wounded.
The black bear bites you.
* * * LOW HITPOINT WARNING * * *
The black bear barely misses you. The black bear claws you.
* * * LOW HITPOINT WARNING * * *
The black bear closely misses you. The black bear claws you.
* * * LOW HITPOINT WARNING * * *
The black bear claws you.
* * * LOW HITPOINT WARNING * * *
You hit the black bear.
The black bear is almost dead.
The black bear bites you.
You die...

##### ###
##...## #...
#.....# .....
#.....#
......###.....#
......h@......#
##..#####.....#
#.....# #.....#
##...## #####


You could see a black bear (berserk).

Vanquished Creatures
  2 adders (D:2)
  An ooze (D:2)
  A worm (D:2)
  A giant gecko (D:2)
  A ball python (D:1)
  2 giant cockroaches (D:2)
  6 hobgoblins
  4 jackals (D:2)
  4 bats
  3 giant newts
  A goblin (D:2)
  4 kobolds
  5 rats
35 creatures vanquished.

Notes
Turn   | Place    | Note
--------------------------------------------------------------
     0 | D:1      | Chiseanne the Demonspawn Warper began the quest for the Orb.
     0 | D:1      | Reached XP level 1. HP: 16/16 MP: 3/3
   506 | D:1      | Gained mutation: You have sharp fingernails. [demonic ancestry]
   506 | D:1      | Reached XP level 2. HP: 22/22 MP: 5/5
   705 | D:2      | Reached skill level 1 in Armour
   973 | D:2      | Reached skill level 3 in Translocations
   973 | D:2      | Gained mutation: You have very sharp fingernails. [demonic ancestry]
   973 | D:2      | Reached XP level 3. HP: 28/28 MP: 6/6
  1812 | D:2      | You fall through a shaft!
  1812 | D:3      | Noticed a black bear
  1840 | D:3      | HP: 1/29 [black bear (1)]
  1841 | D:3      | Slain by a black bear

Vault maps used:
D:1:      dpeg_arrival_radiant
D:2:      hangedman_decor_clover_reticule
D:3:      vehumet_crystals, first_bread

Action                   || total
-------------------------++-------
Melee: Hand axe          ||   167
Throw: Tomahawk          ||     5
  Use: Scroll            ||     2
  Eat: Chunk             ||     3
